 Dungeon Crawl Stone Soup version 0.16.0-12-g7215832 (webtiles) character file.

11527 RobertPalmer the Covert (level 11, -3/64 HPs)
             Began as an Octopode Hunter on Mar 18, 2015.
             Was an Elder of Dithmenos.
             Slain by a blink frog (11 damage)
             ... on level 2 of the Lair of Beasts.
             The game lasted 01:01:26 (16487 turns).

RobertPalmer the Covert (Octopode Hunter)          Turns: 16487, Time: 01:01:26

Health: -3/64      AC:  4    Str: 11    XL:     11   Next: 79%
Magic:  11/11      EV: 16    Int: 19    God:    Dithmenos [****..]
Gold:   420        SH:  0    Dex: 15    Spells: 0 memorised, 10 levels left

rFire  + + .     SeeInvis +     o - +0 blowgun
rCold  + . .     Clarity  .     F - +1 buckler {AC+3}
rNeg   . . .     SustAb   .     (helmet restricted)
rPois  +         Gourm    .     L - amulet of resist mutation {rMut, !d}
rElec  .         Spirit   .     g - ring of poison resistance {rPois, !d}
rCorr  .         Warding  .     j - ring of protection from cold {rC+, !d}
rMut   +         Stasis   .     E - ring of flight {+Fly, !d}
MR     .....                    C - +4 ring of intelligence
Stlth  +++++.....               I - ring of protection from fire {rF+, !d}
                                x - ring of protection from fire {rF+, !d}
                                J - ring of see invisible {sInv, !d}
                                (no ring)

@: confused, wreathed by umbra, not resistant to hostile enchantments, quite
stealthy
A: almost no armour, amphibious, 8 rings, constrict 8, camouflage 1, gelatinous
body 1
a: Shadow Step, Renounce Religion, Evoke Flight


You were on level 2 of the Lair of Beasts.
You worshipped Dithmenos.
Dithmenos was greatly pleased with you.
You were not hungry.

You visited 3 branches of the dungeon, and saw 13 of its levels.
You also visited: Sewer.

You collected 507 gold pieces.
You spent 87 gold pieces at shops.

Inventory:

Hand weapons
 a - a +3 short sword of electrocution
   (You bought it in a shop on level 7 of the Dungeon)
 b - a +1 hand crossbow
 o - a +0 blowgun (weapon)
   (You took it off a kobold in a sewer)
 z - a +2 antimagic dagger
   (You took it off a kobold demonologist in a sewer)
Missiles
 c - 19 bolts
 m - 34 poisoned needles (quivered)
 G - 5 bolts of penetration
Armour
 F - a +1 buckler of protection (worn)
   (You acquired it on level 8 of the Dungeon)
Magical staves
 A - an uncursed staff of wizardry {wiz+, !a}
   (You took it off an orc on level 4 of the Dungeon)
 B - an uncursed staff of energy {@w1+MP, hungerless spells, !d!a}
   (You found it on level 6 of the Dungeon)
Jewellery
 g - a ring of poison resistance (left tentacle) {rPois, !d}
   (You found it on level 1 of the Dungeon)
 j - a ring of protection from cold (right tentacle) {rC+, !d}
   (You found it on level 1 of the Dungeon)
 x - a ring of protection from fire (on tentacle) {rF+, !d}
   (You found it on level 9 of the Dungeon)
 C - a +4 ring of intelligence (on tentacle)
   (You found it on level 6 of the Dungeon)
 E - a ring of flight (on tentacle) {+Fly, !d}
   (You found it on level 5 of the Dungeon)
 I - a ring of protection from fire (on tentacle) {rF+, !d}
   (You found it on level 7 of the Dungeon)
 J - a ring of see invisible (on tentacle) {sInv, !d}
   (You found it on level 8 of the Dungeon)
 L - an amulet of resist mutation (around mantle) {rMut, !d}
   (You found it on level 8 of the Dungeon)
Magical devices
 e - a wand of paralysis (15)
   (You found it on level 2 of the Lair of Beasts)
 r - a wand of digging (11)
   (You found it on level 6 of the Dungeon)
Scrolls
 d - 8 scrolls of remove curse
 p - 2 scrolls of enchant armour
 q - 2 scrolls of magic mapping {!r}
 v - a scroll of recharging
Potions
 h - a potion of mutation {unknown}
 n - 6 potions of restore abilities
 u - a potion of might {unknown}
 w - a potion of magic {unknown}
 D - 2 potions of poison
 H - a potion of ambrosia {!q}
 N - a potion of brilliance {unknown}
Books
 y - a book of Transfigurations
   (You found it on level 10 of the Dungeon)
Comestibles
 f - 2 bread rations {@e1}
 l - 39 fruits
 t - 3 meat rations {@e2}
 O - a beef jerky


   Skills:
 - Level 2.0 Fighting
 - Level 7.2 Short Blades
 - Level 11.9 Crossbows
 + Level 6.5 Dodging
 - Level 13.9 Stealth
 - Level 3.6 Shields


You had 10 spell levels left.
You didn't know any spells.

Dungeon Overview and Level Annotations

Branches:
Dungeon (10/15)            Temple (1/1) D:4            Lair (2/8) D:9
    Orc: D:9-12

Altars:
Ashenzari
Cheibriados
Dithmenos
Elyvilon
Fedhas
Gozag
Kikubaaqudgha
Makhleb
Nemelex Xobeh
Okawaru
Qazlal
Ru
Sif Muna
Trog
Vehumet
Xom
Yredelemnul
Zin
The Shining One

Shops:
D:5 !   D:7 *([[

Annotations:
D:8 exclusion: jelly


Innate Abilities, Weirdness & Mutations

You cannot wear most types of armour.
You are amphibious.
You can wear up to eight rings at the same time.
You can use your tentacles to constrict many enemies at once.
Your skin changes colour to match your surroundings (Stealth).
Your rubbery body absorbs attacks (AC +1).


Message History

The water moccasin barely misses you.
You hit the water moccasin! You grab the water moccasin.
You squeeze the water moccasin. You constrict the water moccasin.
The water moccasin misses you.
You hit the water moccasin.
You kill the water moccasin!
Dithmenos accepts your kill.
e - a wand of paralysis
Found an escape hatch in the floor. 2 spiny frogs come into view.
Found a stone staircase leading up.
You see here a spear.
You see here a spear.
A blink frog comes into view.
The blink frog gives a loud, deep croak!
A blink frog is nearby!
A blink frog is nearby!
A blink frog is nearby!
Wield which item (- for none, * to show all)? (? for menu, Esc to quit)
Your +3 short sword of electrocution stops crackling.
o - a +0 blowgun (weapon)
Aim: a blink frog You shoot a poisoned needle.
The blink frog momentarily phases out as the poisoned needle passes through it.
Aim: a blink frog (umbra)
You shoot a poisoned needle.
The poisoned needle completely misses the blink frog.
Aim: a blink frog (umbra)
You shoot a poisoned needle.
The blink frog momentarily phases out as the poisoned needle passes through it.
The blink frog closely misses you.
Aim: a blink frog (umbra)
You shoot a poisoned needle.
The poisoned needle completely misses the blink frog.
The blink frog hits you.
The blink frog blinks!
You take 5 damage, and have 59/64 hp.
Aim: a blink frog (umbra)
You shoot a poisoned needle.
The blink frog momentarily phases out as the poisoned needle passes through it.
Aim: a blink frog (umbra)
You shoot a poisoned needle.
The blink frog momentarily phases out as the poisoned needle passes through it.
The blink frog hits you.
You take 6 damage, and have 53/64 hp.
Aim: a blink frog (umbra)
You shoot a poisoned needle.
The blink frog momentarily phases out as the poisoned needle passes through it.
The blink frog hits you!
You take 7 damage, and have 46/64 hp.
Aim: a blink frog (umbra)
You shoot a poisoned needle.
The poisoned needle misses the blink frog.
The blink frog blinks!
Aim: a blink frog (umbra)
You shoot a poisoned needle.
The poisoned needle misses the blink frog.
Aim: a blink frog (umbra)
You shoot a poisoned needle.
The poisoned needle completely misses the blink frog.
Aim: a blink frog (umbra)
You shoot a poisoned needle.
The poisoned needle closely misses the blink frog.
The blink frog hits you.
You take 3 damage, and have 44/64 hp.
Aim: a blink frog (umbra)
You shoot a poisoned needle.
The poisoned needle closely misses the blink frog.
The blink frog hits you but does no damage.
Aim: a blink frog (umbra)
You shoot a poisoned needle.
The poisoned needle completely misses the blink frog.
The blink frog completely misses you. The blink frog hits you!
The blink frog blinks!
You take 14 damage, and have 30/64 hp.
MASSIVE DAMAGE!!
Drink which item? (? for menu, Esc to quit)
Okay, then.
Drink which item? (? for menu, Esc to quit)
Okay, then.
Read which item? (? for menu, Esc to quit)
Okay, then.
You block the blink frog's attack. x2
The blink frog closely misses you. The blink frog hits you!
You take 11 damage, and have 20/64 hp.
The blink frog blinks!
The blink frog hits you!!
* * * LOW HITPOINT WARNING * * *
You take 18 damage, and have 3/64 hp.
MASSIVE DAMAGE!!
The blink frog closely misses you.
There is a stone staircase leading down here.
The blink frog closely misses you.
There is a stone staircase leading up here.
Drink which item? (? for menu, Esc to quit)
It was a potion of poison.
You feel slightly nauseous. The blink frog closely misses you.
Drink which item? (? for menu, Esc to quit)
It was a potion of ambrosia.
You are confused.
You feel invigorated. The blink frog hits you!
You die...

##...#..# ###..#.# # .
#......# .. #......#
.♣.# ####..##..# ....#
#####P...## ...# ..F.♣#
##.##....## ##... .....♣
### ###..#..#..# #...
..♣ ##P###...F@.....# ..
### ##...P#...>......##
.P####.....#...........#
..#.......#..#........##
...........###.........#
..........P# #........P#
(..(..)..P.# ##.......##
..P#..#..#P# ####..###
..#####.(### #.##


You could see a blink frog.

Vanquished Creatures
  A spiny frog (Lair:1)
  A kobold demonologist (Sewer)
  A troll (D:9)
  Grinder (Sewer)
  Prince Ribbit (D:5)
  A trapdoor spider zombie (D:10)
  A two-headed ogre (D:8)
  4 blink frogs
  2 hippogriffs
  A wyvern (D:8)
  6 yaks
  Eustachio (D:9)
  Grum (D:9)
  A deep elf mage (D:8)
  3 wolves (D:9)
  3 porcupines (Lair:1)
  2 wargs (D:9)
  A wasp (D:9)
  3 ice beasts
  2 black bears (D:6)
  5 water moccasins
  5 sky beasts
  2 orc warriors (D:9)
  8 ogres
  5 crocodiles (Lair:1)
  3 necrophages (D:7)
  5 phantoms
  Sigmund (D:6)
  A centaur (D:8)
  2 big kobolds
  6 giant frogs
  A scorpion (D:9)
  6 killer bees
  2 wights (D:7)
  6 crimson imps
  2 centaur zombies (D:8)
  A wasp zombie (D:6)
  A giant frog zombie (D:5)
  4 orc priests
  A jelly (D:8)
  3 hounds
  5 orc wizards
  A gnoll shaman (D:6)
  5 iguanas
  12 worker ants
  A giant frog skeleton (D:6)
  2 big kobold zombies (Sewer)
  Ijyb (D:2)
  A hound zombie (D:8)
  3 worker ant zombies
  16 gnolls
  16 adders
  19 river rats (Lair:1)
  7 shadow imps
  A white imp (Sewer)
  4 giant mites
  An ufetubus (Sewer)
  2 worms
  6 giant geckos
  3 oozes
  25 orcs
  A bat skeleton (D:4)
  2 bat zombies
  9 giant cockroaches
  11 goblins
  14 hobgoblins
  10 jackals
  9 quokkas
  A ball python (D:2)
  23 bats
  A giant mite zombie (Sewer)
  6 giant newts
  2 giant spores (D:6)
  A jackal skeleton (D:4)
  A jackal zombie (D:9)
  38 kobolds
  15 rats
  13 ballistomycetes (D:6)
  3 butterflies (D:4)
  A plant (D:9)
399 creatures vanquished.

Vanquished Creatures (collateral kills)
  Joseph (D:9)
1 creature vanquished.

Vanquished Creatures (others)
  A two-headed ogre (D:9)
  A jelly (D:9)
  An adder (D:9)
  An ooze (Sewer)
  A kobold (D:9)
5 creatures vanquished.

Grand Total: 405 creatures vanquished

Notes
Turn   | Place    | Note
--------------------------------------------------------------
     0 | D:1      | RobertPalmer, the Octopode Hunter, began the quest for the Orb.
     0 | D:1      | Reached XP level 1. HP: 14/14 MP: 1/1
    75 | D:1      | Reached skill level 1 in Short Blades
   176 | D:1      | Reached XP level 2. HP: 14/19 MP: 2/2
   391 | D:1      | Reached skill level 2 in Short Blades
   505 | D:1      | Reached XP level 3. HP: 22/24 MP: 3/3
   735 | D:1      | Reached skill level 3 in Short Blades
  1003 | D:2      | Reached XP level 4. HP: 25/29 MP: 4/4
  1230 | D:2      | Noticed Ijyb
  1247 | D:2      | Killed Ijyb
  1256 | D:2      | Reached skill level 4 in Short Blades
  1490 | D:3      | Found a basalt altar of Yredelemnul.
  1491 | D:3      | Found a blossoming altar of Fedhas.
  1605 | D:3      | Found a glowing drain.
  1614 | D:3      | Reached XP level 5. HP: 34/34 MP: 5/5
  1618 | Sewer    | Entered a sewer
  1810 | Sewer    | Reached skill level 5 in Short Blades
  2048 | Sewer    | Found a burning altar of Makhleb.
  2191 | Sewer    | Reached XP level 6. HP: 30/39 MP: 6/6
  2339 | Sewer    | Noticed an apprentice kobold demonologist
  2417 | Sewer    | Killed an apprentice kobold demonologist
  2417 | Sewer    | Reached skill level 5 in Stealth
  2417 | Sewer    | Reached XP level 7. HP: 31/45 MP: 7/7
  2551 | Sewer    | Noticed Grinder
  2661 | Sewer    | Killed Grinder
  2661 | Sewer    | Reached skill level 7 in Stealth
  2837 | Sewer    | Reached skill level 8 in Stealth
  3682 | D:4      | Reached skill level 9 in Stealth
  3682 | D:4      | Reached XP level 8. HP: 37/50 MP: 2/8
  3728 | D:4      | Found a staircase to the Ecumenical Temple.
  3739 | Temple   | Entered the Ecumenical Temple
  4183 | D:3      | Reached skill level 10 in Stealth
  4408 | D:4      | Found a shadowy altar of Dithmenos.
  4408 | D:4      | Found a glowing golden altar of the Shining One.
  4417 | D:4      | Became a worshipper of Dithmenos the Shadowed
  4526 | D:4      | Found a bloodstained altar of Trog.
  4954 | D:5      | Entered Level 5 of the Dungeon
  5024 | D:5      | Reached skill level 11 in Stealth
  5278 | D:5      | Reached skill level 5 in Crossbows
  5431 | D:5      | Noticed Prince Ribbit
  5450 | D:5      | Killed Prince Ribbit
  5450 | D:5      | Reached skill level 6 in Crossbows
  5450 | D:5      | Reached XP level 9. HP: 54/54 MP: 3/9
  5553 | D:5      | Found Aremah's Distillery.
  5691 | D:5      | HP: 11/54 [sky beast (4)]
  5691 | D:5      | HP: 5/54 [sky beast (6)]
  5695 | D:5      | Reached skill level 7 in Crossbows
  6415 | D:6      | Noticed Sigmund
  6429 | D:6      | Killed Sigmund
  6477 | D:6      | Reached skill level 8 in Crossbows
  7497 | D:7      | Reached skill level 9 in Crossbows
  7504 | D:7      | Acquired Dithmenos' first power
  7638 | D:7      | Found Ekhletos' Antique Armour Shop.
  7667 | D:7      | Found Chishrott's Armour Shoppe.
  7876 | D:7      | Found Liapot's Antique Weapon Emporium.
  7891 | D:7      | Bought a runed short sword for 87 gold pieces
  7928 | D:7      | Reached skill level 10 in Crossbows
  7928 | D:7      | Reached XP level 10. HP: 60/60 MP: 3/10
  8243 | D:7      | Found Emoworhe's General Store.
  8286 | D:7      | Found a shimmering altar of Xom.
  9003 | D:8      | Reached skill level 11 in Crossbows
  9373 | D:8      | Acquired Dithmenos' second power
 10022 | D:8      | Found a glowing silver altar of Zin.
 10120 | D:8      | Reached skill level 12 in Stealth
 10275 | D:9      | Found a staircase to the Lair.
 10352 | D:8      | Identified a scroll of acquirement
 11337 | D:9      | Reached skill level 13 in Stealth
 11713 | D:9      | Noticed Joseph
 11759 | D:9      | Noticed Eustachio
 12103 | D:9      | Killed Eustachio
 12103 | D:9      | Reached XP level 11. HP: 61/64 MP: 11/11
 12110 | Lair:1   | Entered Level 1 of the Lair of Beasts
 12373 | D:9      | Killed Joseph
 12373 | D:9      | Reached skill level 6 in Short Blades
 12544 | D:9      | Noticed Grum
 12573 | D:9      | Killed Grum
 12573 | D:9      | Reached skill level 7 in Short Blades
 12655 | D:10     | Entered Level 10 of the Dungeon
 12749 | D:10     | Reached skill level 3 in Dodging
 12886 | D:7      | Found a sacrificial altar of Ru.
 13171 | D:10     | Reached skill level 4 in Dodging
 13685 | Lair:1   | Acquired Dithmenos' third power
 13792 | Lair:1   | Reached skill level 1 in Shields
 14158 | Lair:1   | Reached skill level 2 in Shields
 14576 | D:9      | Reached skill level 3 in Shields
 14979 | D:9      | HP: 9/64 [blink frog (15)]
 15558 | D:9      | Reached skill level 5 in Dodging
 16235 | Lair:1   | Reached skill level 6 in Dodging
 16479 | Lair:2   | HP: 3/64 [blink frog (18)]
 16487 | Lair:2   | Slain by a blink frog

Action                   |  1- 3 |  4- 6 |  7- 9 | 10-12 || total
-------------------------+-------+-------+-------+-------++-------
Melee: Short sword       |    55 |   111 |     1 |   329 ||   496
       Dagger            |       |       |   320 |    12 ||   332
 Fire: Hand crossbow     |     9 |    36 |    70 |    59 ||   174
       Blowgun           |       |       |     4 |   103 ||   107
Throw: Throwing net      |       |       |       |     5 ||     5
Invok: Shadow Step       |       |       |       |     3 ||     3
Evoke: Wand              |       |       |       |     2 ||     2
  Use: Scroll            |       |     8 |    12 |    11 ||    31
       Potion            |       |       |     4 |    10 ||    14
 Stab: Sleeping          |     4 |     4 |    45 |    53 ||   106
       Distracted        |       |       |     1 |     8 ||     9
       Held in net/web   |       |       |       |     2 ||     2
  Eat: Chunk             |       |     3 |    14 |    20 ||    37
       Meat ration       |       |       |     1 |       ||     1
       Bread ration      |       |       |       |     1 ||     1
       Fruit             |       |       |       |     1 ||     1
       Pizza             |       |       |       |     1 ||     1

Vault maps used:
D:1:      ncdulo_wetmaze
D:2:      first_bread, uniq_iyjb
D:3:      gammafunk_temple_overflow_statue, portal_sewer_entry_f, dk_vineyard_2,
          minivault_11
D:4:      grunt_temple_overflow_open, minmay_temple_entry_butterflies,
          bloody_trog
D:5:      serial_shops, kennysheep_little_box, uniq_prince_ribbit1
D:6:      uniq_sigmund
D:7:      nicolae_overflow_hidden_temple, old_standard_altar, serial_undead,
          serial_undead_c, serial_undead_e, serial_undead_f, serial_undead_d,
          serial_shops, kennysheep_mini_moat, nicolae_shop_overgrown_old_shop,
          shop_fountains, nicolae_shop_stone
D:8:      zin_treasury, blue_anna_alchemist
D:9:      erik_lair_orcish_takeover, uniq_joseph, uniq_grum, uniq_eustachio
Temple:   triangle_lava_temple_12
Lair:1:   basic_altar, serial_bayou_pond_b, serial_bayou_pond_c,
          grunt_megastairs_4, serial_bayou_shore_a, lemuel_fruit_fields
Lair:2:   serial_bayou_lagoon_a, grunt_megastairs_3
Sewer:    kennysheep_sewer_church

Table legend:
 A = Turns spent in this place as a percentage of turns spent in the entire game.
 B = Non-inter-level travel turns spent in this place as a percentage of non-inter-level travel turns spent in the entire game.
 C = Inter-level travel turns spent in this place as a percentage of turns spent in this place.
 D = Turns resting spent in this place as a percentage of non-inter-level travel turns spent in this place.
 E = Turns spent auto-exploring this place as a percentage of non-inter-level travel turns spent in this place.
 F = Non-inter-level travel turns spent in this place divided by the number of levels of this place that you've seen.
                   A       B       C       D       E      F
               +-------+-------+-------+-------+-------+----------------------
         Total | 100.0 | 100.0 |   0.3 |   1.8 |   2.6 | 597.0
       Dungeon |  79.1 |  79.1 |   0.3 |   1.6 |   3.1 | 660.9
        Temple |   0.7 |   0.7 |   0.0 |   0.0 |   0.0 |  59.0
          Lair |  12.0 |  12.0 |   0.0 |   2.7 |   0.4 | 503.0
         Sewer |   8.2 |   8.2 |   0.0 |   2.8 |   1.2 | 684.0
               +-------+-------+-------+-------+-------+----------------------

Table legend:
 A = Kills in this place as a percentage of kills in entire the game.
 B = Kills by you in this place as a percentage of kills by you in the entire game.
 C = Kills by friends in this place as a percentage of kills by friends in the entire game.
 D = Other kills in this place as a percentage of other kills in the entire game.
 E = Experience gained in this place as a percentage of experience gained in the entire game.
 F = Experience gained in this place divided by the number of levels of this place that you have seen.
                   A       B       C       D       E      F
               +-------+-------+-------+-------+-------+----------------------
         Total | 100.0 | 100.0 | 100.0 |  -nan | 100.0 | 1176.3
       Dungeon |  79.5 |  79.4 | 100.0 |  -nan |  76.4 | 1258.7
          Lair |  10.8 |  10.8 |   0.0 |  -nan |  18.3 | 1507.5
         Sewer |   9.7 |   9.8 |   0.0 |  -nan |   5.3 | 866.0
               +-------+-------+-------+-------+-------+----------------------
